AoeStats
← ᅚᅚᅚᅚ

African Clearing

504394366Analyzed
4v4 RM · 26d ago on Sep 5, 2026· 46m 33s· 8 players
Game mode
Random Map
Map size
Large (8 player)
Population
200
Speed
Normal
Resources
Standard
Victory
Conquest
Starting age
Dark Age
Ending age
Imperial Age
RankedLock teamsTeams togetherTeam positionsShared explorationLock speedFull tech treeHidden civsTurbo modeCheats
Victory
Defeat
🇨🇱 Gurjaras · Chile
1257
+17
🇨🇳 Mongols · China
1255
+17
🇨🇱 Tupi · Chile
1232
+18
🇺🇸 Vietnamese · United States
1190
+20
🇵🇪 Turks · Peru
1372
-22
🇵🇪 Mongols · Peru
1276
-18
🇵🇪 Wei · Peru
1274
-18
🇵🇪 Persians · Peru
1185
-14
DodgeViper97410
4:08 Loom
12:28 Feudal Age
13:02 Double-Bit Axe
21:32 Castle Age
20:36 Fletching
21:49 Padded Archer Armor
21:43 Crossbowman
22:51 Bodkin Arrow
28:22 Leather Archer Armor
29:16 Ballistics
29:31 Horse Collar
30:27 Elite Skirmisher
39:22 Imperial Age
38:28 Scale Barding Armor
39:14 Bloodlines
40:15 Forging
41:15 Husbandry
43:59 Light Cavalry
Pelantaro
7:05 Loom
10:11 Loom
12:11 Feudal Age
19:04 Castle Age
19:40 Stone Mining
24:48 Fletching
26:47 Bodkin Arrow
34:17 Double-Bit Axe
34:14 Horse Collar
36:18 Wheelbarrow
39:03 Town Watch
44:02 Hand Cart
46:54 Bow Saw
46:35 Gold Mining
寂寞帅哥等爱
4:56 Loom
12:58 Feudal Age
14:15 Double-Bit Axe
18:37 Castle Age
17:39 Scale Barding Armor
17:54 Bloodlines
19:45 Husbandry
20:23 Forging
26:07 Gold Mining
26:39 Fletching
28:21 Padded Archer Armor
31:31 Bow Saw
31:08 Horse Collar
31:59 Ballistics
32:41 Wheelbarrow
35:17 Thumb Ring
34:37 Elite Skirmisher
35:44 Bodkin Arrow
36:10 Leather Archer Armor
40:45 Imperial Age
39:45 Hand Cart
39:37 Heavy Plow
42:04 Light Cavalry
42:47 Bracer
42:23 Elite Mangudai
43:24 Conscription
44:06 Parthian Tactics
44:26 Imperial Skirmisher
45:13 Thumb Ring
45:00 Hussar
46:39 Chain Barding Armor
46:55 Iron Casting
46:14 Hussar
ᅚᅚᅚᅚ
14:00 Feudal Age
12:20 Loom
17:42 Castle Age
17:20 Double-Bit Axe
17:17 Horse Collar
17:29 Gold Mining
19:03 Bow Saw
23:11 Stone Mining
27:26 Heavy Plow
28:04 Fletching
30:39 Wheelbarrow
33:12 Imperial Age
33:27 Bodkin Arrow
33:32 Padded Archer Armor
34:56 Chemistry
35:11 Crop Rotation
35:53 Leather Archer Armor
35:46 Scale Barding Armor
35:51 Forging
36:04 Conscription
35:54 Kshatriyas
36:10 Conscription
36:45 Ballistics
36:07 Treadmill Crane
36:51 Ballistics
36:58 Chain Barding Armor
37:35 Town Watch
38:05 Hand Cart
38:22 Bloodlines
38:13 Husbandry
39:02 Husbandry
39:41 Plate Barding Armor
39:09 Siege Elephant
39:48 Light Cavalry
41:05 Iron Casting
40:48 Hussar
41:30 Bracer
44:52 Leather Archer Armor
Robert_Kan
5:06 Loom
16:09 Feudal Age
19:40 Double-Bit Axe
20:01 Horse Collar
25:00 Fletching
25:10 Padded Archer Armor
27:40 Castle Age
27:28 Gold Mining
28:38 Crossbowman
28:41 Elite Skirmisher
29:45 Bow Saw
29:38 Heavy Plow
30:42 Thumb Ring
31:53 Bodkin Arrow
36:10 Scale Barding Armor
36:15 Forging
37:17 Bloodlines
37:08 Husbandry
43:01 Chain Barding Armor
42:57 Leather Archer Armor
DarkOrsted
5:25 Loom
15:38 Feudal Age
19:47 Castle Age
18:10 Fletching
20:35 Bodkin Arrow
29:30 Scale Barding Armor
44:51 Wheelbarrow
juankmh
5:58 Loom
12:09 Feudal Age
17:47 Castle Age
16:37 Double-Bit Axe
30:56 Wheelbarrow
33:25 Kamandaran
34:07 Fletching
35:02 Crossbowman
35:16 Pikeman
37:21 Thumb Ring
44:12 Imperial Age
43:08 Padded Archer Armor
43:04 Bodkin Arrow
43:19 Forging
Legend.PE
9:08 Loom
15:35 Feudal Age
19:44 Castle Age
24:07 Imperial Age
22:30 Double-Bit Axe
22:55 Padded Archer Armor
24:00 Bow Saw
25:22 Leather Archer Armor
27:16 Gold Mining
Connection lost

Rejoining the realm…

Still unreachable

The connection could not be restored.

Session expired

The server has moved on; the page needs a fresh start.